 Dungeon Crawl Stone Soup version 0.30-a0-134-gb40fab5c76 (webtiles) character file.

Game seed: 4939645883286697875

8 Ofeo the Vexing (level 2, 21/21 HPs)
             Began as a Demonspawn Hexslinger on Sept 19, 2022.
             Quit the game on level 1 of the Dungeon.
             The game lasted 00:00:46 (350 turns).

Ofeo the Vexing (Demonspawn Hexslinger)              Turns: 350, Time: 00:00:47

Health: 21/21      AC:  2    Str: 10    XL:     2   Next: 0%
Magic:  3/3        EV: 12    Int: 14    God:
Gold:   16         SH:  0    Dex: 13    Spells: 2/3 levels left

rFire   . . .      SeeInvis .    a - +1 sling
rCold   . . .      Faith    .    (no shield)
rNeg    . . .      Spirit   .    c - +0 robe
rPois   .          Reflect  .    (no helmet)
rElec   .          Harm     .    (no cloak)
rCorr   .          Rampage  .    (no gloves)
Will    .....                    (no boots)
Stlth   +.........               (no amulet)
HPRegen 0.07/turn                (no ring)
MPRegen 0.08/turn                (no ring)

@: no status effects
A: spiny 1
a: no special abilities


You were on level 1 of the Dungeon.
You visited 1 branch of the dungeon, and saw 1 of its levels.

You collected 16 gold pieces.

Inventory:

Hand Weapons
 a - a +1 sling (weapon)
Armour
 c - a +0 robe (worn)
Scrolls
 b - a scroll of poison
 d - a scroll of identify {unknown}
 f - a scroll of summoning {unknown}
Potions
 e - a potion of lignification {unknown}


   Skills:
 + Level 1.2 Fighting
 + Level 1.9 Ranged Weapons
 + Level 1.9 Dodging
 + Level 1.2 Spellcasting
 + Level 3.1 Hexes


You had 2 spell levels left.
You knew the following spells:

 Your Spells              Type           Power      Damage    Failure   Level
a - Slow                  Hex            36%        N/A       7%          1

Your spell library contained the following spells:

 Spells                   Type           Power      Damage    Failure   Level
 Inner Flame              Hex/Fire       5%         N/A       38%         3
 Portal Projectile        Hex/Tloc       10%        N/A       38%         3
 Cause Fear               Hex            4%         N/A       56%         4


Dungeon Overview and Level Annotations

Branches:
Dungeon (1/15)

Altars:


Innate Abilities, Weirdness & Mutations

You are partially covered in sharp spines.


Message History

Magic restored.
MP restored: 2 You start resting.
You start resting.
HP restored.
Health restored: 15
e - a fuming brown potion
Found 8 stones.
Found a stone staircase leading down.
You now have 16 gold pieces (gained 7).
A bat comes into view.
A bat is nearby!
A bat is nearby!
A bat is nearby!
You shoot a sling bullet.
The sling bullet closely misses the bat.
The bat misses you.
You shoot a sling bullet. The sling bullet barely misses the bat.
The bat barely misses you.
You shoot a sling bullet. The sling bullet hits the bat.
You kill the bat!
You see here a bat corpse.
A ball python comes into view.
You shoot a sling bullet. The sling bullet hits the ball python.
You kill the ball python!
Found a hand axe.
No target in view!
No target in view!
f - a scroll labelled HOECIMU XYAH No target in view!
A bat comes into view.
You shoot a sling bullet. The sling bullet hits the bat.
You kill the bat!
A hobgoblin comes into view.
You shoot a sling bullet. The sling bullet hits the hobgoblin!
You kill the hobgoblin!
You have reached level 2!
Your demonic ancestry asserts itself...
Sharp spines emerge from parts of your body.
Health restored: 21; MP restored: 3 Are you sure you want to abandon this character and quit the game? (Confirm with "yes".)

#)####.........##.####.#.
#.............##.........
######............####.#.
.......#########..#
######## #..# #..####.#
#.......# #.####..#
#@†........
#.............# #
...#...........
#:#######.## ... # #.#
..# .#


There were no monsters in sight!

Vanquished Creatures
  2 ball pythons (D:1)
  3 bats (D:1)
  2 hobgoblins (D:1)
7 creatures vanquished.

Vanquished Creatures (others)
  4 toadstools (D:1)
4 creatures vanquished.

Grand Total: 11 creatures vanquished

Notes
Turn   | Place    | Note
-------+----------+-------------------------------------------
     0 | D:1      | Ofeo the Demonspawn Hexslinger began the quest for the Orb.
     0 | D:1      | Reached XP level 1. HP: 15/15 MP: 2/2
   350 | D:1      | Gained mutation: You are partially covered in sharp spines.
                  | [demonic ancestry]
   350 | D:1      | Reached XP level 2. HP: 21/21 MP: 3/3
   350 | D:1      | Quit the game

Illustrated notes

Levels and vault maps discovered:
D:1:      ldierk_water_garden, layout_loops_ring, serial_shops, shop,
          nicolae_shop_bloodbath_and_beyond, shop, shop,
          nicolae_shop_overgrown_old_shop, hellmonk_ecumenical_altar_run_dry

Action                   || total
-------------------------++-------
 Fire: Sling             ||    13
 Cast: Slow              ||     2
Armor: Robe              ||     2
Dodge: Dodged            ||     6

Table legend: (Time is in decaauts)
 A = Elapsed time spent in this place.
 B = Non-inter-level travel time spent in this place.
 C = Inter-level travel time spent in this place.
 D = Time resting spent in this place.
 E = Time spent auto-exploring this place.
 F = Levels seen in this place.
 G = Mean time per level.
                   A        B        C        D        E       F      G
               +--------+--------+--------+--------+--------+-----+--------+
         Total |    355 |    355 |      0 |    211 |    114 |   1 |  355.0 |
       Dungeon |    355 |    355 |      0 |    211 |    114 |   1 |  355.0 |
               +--------+--------+--------+--------+--------+-----+--------+

Top non-repeatable levels by time:
     D:1: 355 daAuts
